 Dungeon Crawl Stone Soup version 0.23.2-40-g277498a001 (webtiles) character file.

Game seed: 13279813910532382652

48 E5v7xujuF the Chiller (level 3, -7/28 HPs)
             Began as a Ghoul Ice Elementalist on Sept 12, 2019.
             Mangled by an orc priest
             ... wielding a cursed +0 flail
              (9 damage)
             ... on level 2 of the Dungeon.
             The game lasted 00:14:08 (1591 turns).

E5v7xujuF the Chiller (Ghoul Ice Elementalist)      Turns: 1591, Time: 00:14:09

Health: -7/28      AC:  2    Str: 11    XL:     3   Next: 72%
Magic:  1/5        EV: 12    Int: 11    God:
Gold:   80         SH:  0    Dex:  9    Spells: 5/6 levels left

rFire    + . .     SeeInvis .   d - +0 mace
rCold    + + .     Gourm    .   (no shield)
rNeg     + + +     Faith    .   a - +0 robe
rPois    ∞         Spirit   .   (no helmet)
rElec    +         Reflect  .   (no cloak)
rCorr    +         Harm     .   (no gloves)
MR       .....                  (no boots)
Stlth    ++........             (no amulet)
HPRegen  0.00/turn              (no ring)
MPRegen  0.09/turn              (no ring)

@: resistant, very slightly contaminated, rotting
A: rotting body, claws 1, carnivore, cold resistance 1, negative energy
resistance 3, inhibited regeneration, torment resistance, unbreathing
a: no special abilities


You were on level 2 of the Dungeon.
You were not hungry.

You visited 1 branch of the dungeon, and saw 2 of its levels.

You collected 80 gold pieces.

Inventory:

Hand Weapons
 d - a +0 mace (weapon)
Missiles
 o - 20 poisoned needles
Armour
 a - a +0 robe (worn)
 l - a +0 shield
 q - a +0 ring mail
 r - a +0 leather armour
Wands
 n - a wand of polymorph (6)
Scrolls
 g - a scroll of fear {unknown}
 i - 2 scrolls of identify {unknown}
 k - a scroll of teleportation {unknown}
 p - a scroll of remove curse {unknown}
 s - a scroll of immolation {unknown}
Potions
 b - a potion of lignification {unknown}
 e - a potion of brilliance {unknown}
 f - a potion of resistance
 h - 2 potions of curing {unknown}
 j - a potion of ambrosia {unknown}
 m - a potion of haste {unknown}
 u - a potion of mutation {unknown}
Comestibles
 c - 4 rations


   Skills:
 + Level 1.5 Fighting
 - Level 2.1 Dodging
 - Level 2.1 Stealth
 + Level 0.5 Shields
 + Level 2.2 Spellcasting
   Level 0.7 Conjurations
 + Level 3.8 Ice Magic


You had 5 spell levels left.
You knew the following spells:

 Your Spells              Type           Power        Failure   Level  Hunger
a - Freeze                Ice            #...         6%          1    ##.....

Your spell library contained the following spells:

 Spells                   Type           Power        Failure   Level  Hunger
 Throw Frost              Conj/Ice       #.....       17%         2    ###....
 Ozocubu's Armour         Chrm/Ice       #.......     36%         3    ####...
 Throw Icicle             Conj/Ice       #.......     73%         4    #####..
 Summon Ice Beast         Ice/Summ       #.......     78%         4    #####..


Dungeon Overview and Level Annotations

Branches:
Dungeon (2/15)

Altars:


Innate Abilities, Weirdness & Mutations

Your body is rotting away.
You thrive on raw meat.
You are immune to poison.
You have sharp fingernails.
You are carnivorous and can eat meat at any time.
Your flesh is cold resistant. (rC+)
You are immune to negative energy. (rN+++)
You do not regenerate when monsters are visible.
You are immune to unholy pain and torment.
You can survive without breathing.


Message History

The orc priest is moderately wounded.
The orc priest barely misses you.
You closely miss the orc priest.
The orc priest is moderately wounded.
The orc priest completely misses you.
You barely miss the orc priest.
The orc priest is moderately wounded.
The orc priest completely misses you.
The orc priest hits you with a cursed +0 flail!
You hit the orc priest.
The orc priest is heavily wounded.
The orc priest hits you with a cursed +0 flail.
You hit the orc priest but do no damage.
The orc priest is heavily wounded.
The orc priest hits you with a cursed +0 flail!
* * * LOW HITPOINT WARNING * * *
It was a potion of resistance.
You feel protected.
The orc priest hits you with a cursed +0 flail!
You die...

.#..##.####...##### #.## #...
....##.# #...# #.# ####
.#.###.# #...# #.##########
.#.###.# #...# #.##.......#
.......####...# #.##.......#
####.(.....#.#####
#.##..####.# # #.#####.#......
##........... #
#.#####....#####.#####..####..
#.##.....#...@oSo..# #.......#
#....##....#####.#.# #.....>.#
#.......##....# # #########
#.##........#.... #
#.##.###...#### #.##.# ##.##
#.##.# #.# #.##.# ... .. .#
...


You could see 2 orc priests and an adder.

Vanquished Creatures
  An adder (D:2)
  A worm (D:2)
  A leopard gecko (D:2)
  An orc (D:2)
  2 giant cockroaches
  3 goblins
  3 hobgoblins (D:1)
  3 jackals (D:1)
  A ball python (D:2)
  4 bats
  4 frilled lizards (D:1)
  4 kobolds (D:1)
  8 rats
36 creatures vanquished.

Notes
Turn   | Place    | Note
-------+----------+-------------------------------------------
     0 | D:1      | E5v7xujuF the Ghoul Ice Elementalist began the quest for
                  | the Orb.
     0 | D:1      | Reached XP level 1. HP: 14/14 MP: 2/2
   222 | D:1      | Reached XP level 2. HP: 22/22 MP: 0/3
   575 | D:1      | Reached skill level 1 in Fighting
   937 | D:1      | Reached XP level 3. HP: 21/28 MP: 5/5
  1591 | D:2      | Mangled by an orc priest

Skill      XL: |  1  2 |
---------------+-------+-----
Dodging        | 2 |  2.1
Spellcasting   | 2 |  2.2
Fighting       | 1 |  1.5
Stealth        | |  2.1
Shields        | |  0.5
Conjurations   | |  0.7
Ice Magic      | |  3.8

Action                   || total
-------------------------++-------
Melee: Mace              ||    88
       Unarmed           ||    10
 Cast: Freeze            ||    28
  Use: Potion            ||     1
 Stab: Sleeping          ||     3
  Eat: Chunk             ||    15
Armor: Robe              ||    15
Dodge: Dodged            ||    93
